 Dungeon Crawl Stone Soup version 0.25-a0-697-g890751e744 (webtiles) character file.

Game seed: 389443446873333240, levelgen mode: deterministic

170 Esekla the Skirmisher (level 5, 0/43 HPs)
             Began as a Formicid Abyssal Knight on Mar 31, 2020.
             Was a Believer of Lugonu.
             Slain by a gnoll (4 damage)
             ... on level 3 of the Dungeon.
             The game lasted 00:15:02 (2834 turns).

Esekla the Skirmisher (Formicid Abyssal Knight)     Turns: 2834, Time: 00:15:02

Health: 0/43       AC:  4    Str: 18    XL:     5   Next: 80%
Magic:  6/6        EV: 11    Int: 11    God:    Lugonu [**....]
Gold:   144        SH:  0    Dex: 10    Spells: 1/5 levels left

rFire    . . .     SeeInvis +   a - +1 falchion
rCold    + . .     Gourm    .   (no shield)
rNeg     . . .     Faith    .   b - +0 leather armour
rPois    .         Spirit   .   (helmet unavailable)
rElec    .         Reflect  .   (no cloak)
rCorr    .         Harm     .   n - +0 pair of gloves
MR       .....                  (no boots)
Stlth    +.........             (no amulet)
HPRegen  0.14/turn              s - ring of protection from cold
MPRegen  0.10/turn              (no ring)

@: no status effects
A: permanent stasis, dig shafts and tunnels, four strong arms, antennae 3
a: Dig, Shaft Self, Depart the Abyss, Bend Space, Renounce Religion


You were on level 3 of the Dungeon.
You worshipped Lugonu.
Lugonu was pleased with you.
You were hungry.

You visited 1 branch of the dungeon, and saw 3 of its levels.
You visited the Abyss 1 time.

You collected 144 gold pieces.

Inventory:

Hand Weapons
 a - a +1 falchion (weapon)
Missiles
 d - 6 silver boomerangs
 j - 12 javelins (quivered)
 v - 7 poisoned darts
Armour
 b - a +0 leather armour (worn)
 n - a +0 pair of gloves (worn)
Jewellery
 s - a ring of protection from cold (left hand)
Wands
 w - a wand of acid (5)
Scrolls
 g - 2 scrolls of identify {unknown}
 h - a scroll of amnesia {unknown}
 k - a scroll of immolation {unknown}
 p - a scroll of teleportation {unknown}
 r - 2 scrolls of remove curse {unknown}
 t - a scroll of magic mapping {unknown}
Potions
 e - a potion of invisibility {unknown}
 f - 2 potions of ambrosia {unknown}
 i - 2 potions of curing {unknown}
 l - a potion of heal wounds {unknown}
 m - a potion of mutation {unknown}
 o - 2 potions of degeneration {unknown}
 q - a potion of lignification {unknown}
 x - a potion of berserk rage {unknown}
Comestibles
 c - 3 rations


   Skills:
 * Level 4.6 Fighting
 + Level 3.3 Long Blades
 + Level 0.3 Throwing
 + Level 3.2 Armour
 + Level 1.5 Dodging
 * Level 0.5 Spellcasting
 + Level 2.4 Invocations


You had one spell level left.
You knew the following spells:

 Your Spells              Type           Power        Failure   Level  Hunger
a - Magic Dart            Conj           #...         38%         1    ##.....
b - Conjure Flame         Conj/Fire      #.......     77%         3    ####...

Your spell library contained the following spells:

 Spells                   Type           Power        Failure   Level  Hunger
 Call Imp                 Summ           #.......     52%         2    ###....
 Slow                     Hex            #.......     52%         2    ###....
 Mephitic Cloud           Conj/Pois/Air  #.......     77%         3    ####...
 Blink                    Tloc           Unusable     N/A         2    N/A

Dungeon Overview and Level Annotations

Branches:
Dungeon (3/15)

Altars:
The Shining One


Innate Abilities, Weirdness & Mutations

You cannot be hasted, slowed, berserked, paralysed or teleported.
You can dig through walls and to a lower floor.
Your four strong arms can wield two-handed weapons with a shield.
You have a pair of large antennae on your head. (SInv)


Message History

You hit the gnoll.
The gnoll is heavily wounded.
The gnoll hits you but does no damage.
You hit the gnoll but do no damage.
The gnoll is heavily wounded.
The gnoll hits you with a +0 spear!
You barely miss the gnoll.
The gnoll is heavily wounded.
The gnoll hits you with a +0 spear.
You hit the gnoll.
The gnoll is almost dead.
The gnoll hits you with a +0 spear!
* * * LOW HITPOINT WARNING * * *
You hit the gnoll.
You kill the gnoll!
Lugonu accepts your kill.
You slash the gnoll!
The gnoll is severely wounded.
The gnoll hits you.
You die...

#g# #.. #.# #.. #g# ###
#.###.# # #.).#.# #
###.#.# # #.#.# # #g#.#
# #@#.# #
#.#.##############
#.................
#........##############
########## # # # #


You could see a gnoll.

Vanquished Creatures
  5 adders
  3 gnolls (D:3)
  2 oozes
  4 worms
  4 dart slugs
  2 leopard geckos (D:2)
  4 orcs (D:3)
  5 ball pythons
  8 bats
  8 hobgoblins
  4 jackals (D:3)
  2 frilled lizards
  5 goblins
  7 kobolds
  4 rats
67 creatures vanquished.

Notes
Turn   | Place    | Note
-------+----------+-------------------------------------------
     0 | Abyss:1  | Esekla the Formicid Abyssal Knight began the quest for the
                  | Orb.
     0 | Abyss:1  | Reached XP level 1. HP: 18/18 MP: 2/2
    58 | Abyss:1  | Found a corrupted altar of Lugonu,
   155 | Abyss:1  | Noticed an iron imp
   215 | Abyss:1  | Noticed an ancient zyme
   215 | Abyss:1  | Noticed a fire giant zombie
   218 | Abyss:1  | Noticed a large abomination
   221 | D:1      | Escaped the Abyss
   432 | D:1      | Reached XP level 2. HP: 25/25 MP: 3/3
   518 | D:1      | Reached * piety under Lugonu
   543 | D:1      | Reached skill level 4 in Fighting
   543 | D:1      | Reached XP level 3. HP: 18/30 MP: 4/4
  1249 | D:2      | Found a glowing golden altar of the Shining One,
  1257 | D:2      | Reached skill level 1 in Dodging
  1257 | D:2      | Reached XP level 4. HP: 36/37 MP: 5/5
  2188 | D:3      | Reached XP level 5. HP: 23/43 MP: 6/6
  2294 | D:3      | Found a faded altar of an unknown god,
  2318 | D:3      | Reached ** piety under Lugonu
  2434 | D:3      | Learned a level 1 spell: Magic Dart
  2438 | D:3      | Learned a level 3 spell: Conjure Flame
  2834 | D:3      | Slain by a gnoll

Levels and vault maps discovered:
D:1:      minmay_arrival_up_and_down, layout_rooms
D:2:      layout_basic, nicolae_overflow_crystal_walls
D:3:      layout_basic, nicolae_overflow_hidden_temple,
          chequers_ecumenical_altar_island

Skill      XL: |  1  2  3  4  5 |
---------------+----------------+-----
Fighting       | 4 |  4.6
Dodging        | 1 |  1.5
Long Blades    | 3 |  3.3
Armour         | 3 |  3.2
Throwing       | |  0.3
Spellcasting   | |  0.5
Invocations    | |  2.4

Action                   |  1- 3 |  4- 6 || total
-------------------------+-------+-------++-------
Melee: Falchion          |    59 |   136 ||   195
Throw: Javelin           |     2 |     3 ||     5
 Cast: Magic Dart        |       |     4 ||     4
Invok: Depart the Abyss  |     1 |       ||     1
  Eat: Chunk             |       |     6 ||     6
Armor: Leather armour    |    12 |    37 ||    49
Dodge: Dodged            |    38 |    79 ||   117
       Rpst.: Falchion   |    17 |    25 ||    42

Table legend:
 A = Non-vault XP
 B = Vault XP
 C = Vault XP percentage of total XP
 D = Non-vault monster count
 E = Vault monster count
 F = Vault count percentage of total count
                 A         B        C        D         E       F
            +---------+---------+-------+---------+---------+-------
      Total |     243 |       0 |   0.0 |      67 |       0 |   0.0
            +---------+---------+-------+---------+---------+-------
        D:1 |      34 |       0 |   0.0 |      16 |       0 |   0.0
        D:2 |      71 |       0 |   0.0 |      22 |       0 |   0.0
        D:3 |     138 |       0 |   0.0 |      29 |       0 |   0.0
            +---------+---------+-------+---------+---------+-------
